 Dungeon Crawl Stone Soup version 0.23.1-42-g8abd8fc (webtiles) character file.

Game seed: 14838925470546496509

84 dhn the Covered (level 4, 0/40 HPs)
             Began as a Minotaur Fighter on Mar 30, 2019.
             Killed from afar by Natasha (9 damage)
             ... with a wand of flame (10)
             ... on level 3 of the Dungeon.
             The game lasted 00:01:30 (1197 turns).

dhn the Covered (Minotaur Fighter)                  Turns: 1197, Time: 00:01:32

Health: 0/40       AC:  7    Str: 20    XL:     4   Next: 24%
Magic:  3/3        EV:  7    Int:  5    God:
Gold:   67         SH:  9    Dex: 11    Spells: 3/3 levels left

rFire    . . .     SeeInvis .   a - +0 war axe
rCold    . . .     Gourm    .   c - +0 shield
rNeg     . . .     Faith    .   b - +0 scale mail
rPois    .         Spirit   .   (helmet restricted)
rElec    .         Reflect  .   (no cloak)
rCorr    .         Harm     .   (no gloves)
MR       .....                  (no boots)
Stlth    ..........             (no amulet)
HPRegen  0.13/turn              (no ring)
MPRegen  0.08/turn              (no ring)

@: no status effects
A: retaliatory headbutt, horns 2
a: no special abilities


You were on level 3 of the Dungeon.
You were very hungry.

You visited 1 branch of the dungeon, and saw 3 of its levels.

You collected 67 gold pieces.

Inventory:

Hand Weapons
 a - a +0 war axe (weapon)
Armour
 b - a +0 scale mail (worn)
 c - a +0 shield (worn)
Jewellery
 l - a +4 ring of protection {unknown}
Wands
 j - a wand of paralysis (8)
Scrolls
 g - a scroll of amnesia {unknown}
 h - a scroll of noise {unknown}
 k - a scroll of enchant weapon {unknown}
 m - a scroll of identify {unknown}
 n - a scroll of teleportation {unknown}
 p - 2 scrolls of remove curse {unknown}
Potions
 d - a potion of might
 e - a potion of heal wounds {unknown}
 i - 2 potions of curing {unknown}
 o - a potion of lignification {unknown}
 q - a potion of ambrosia {unknown}
Comestibles
 f - 5 rations


   Skills:
 + Level 4.2 Fighting
 + Level 3.6 Axes
 + Level 4.5 Armour
 + Level 0.3 Dodging
 + Level 4.2 Shields


You had 3 spell levels left.
You didn't know any spells.
Your spell library was empty.

Dungeon Overview and Level Annotations

Branches:
Dungeon (3/15)

Altars:

Annotations:
D:3 Natasha


Innate Abilities, Weirdness & Mutations

You reflexively headbutt those who attack you in melee.
You have a pair of horns on your head.


Message History

The bat barely misses you. You block Natasha's attack.
You closely miss Natasha. You headbutt Natasha!
Natasha is heavily wounded.
Natasha claws you but does no damage.
You barely miss Natasha. Your headbutt misses Natasha.
Natasha is heavily wounded.
Natasha casts a spell at you. The magic dart hits you!
Natasha zaps a wand.
The puff of flame hits you!
* * * LOW HITPOINT WARNING * * *
You barely miss Natasha. You headbutt Natasha.
Natasha is almost dead.
You block Natasha's attack.
You closely miss Natasha.
Natasha is almost dead.
Natasha claws you.
* * * LOW HITPOINT WARNING * * *
You hit Natasha.
Natasha is almost dead.
Natasha zaps a wand.
The puff of flame hits you!
You die...

####......
#........#
#........#
#........#
#........#
#........#
#...bl...#
####h#####
#############@#
#...........#.#
#.#########.#.#
#.# #..<#.#.# #.#
#.###.#.# #.#
#....(#.#########
#.#
#######.........#
#.# #########.#
#.# #.#


You could see Natasha, a bat and a frilled lizard.

Vanquished Creatures
  A gnoll (D:1)
  An ooze (D:3)
  2 worms (D:2)
  3 dart slugs
  A leopard gecko (D:1)
  7 bats
  2 giant cockroaches
  10 goblins
  6 hobgoblins
  4 jackals (D:2)
  2 frilled lizards
  7 kobolds
  9 rats
55 creatures vanquished.

Notes
Turn   | Place    | Note
-------+----------+-------------------------------------------
     0 | D:1      | dhn the Minotaur Fighter began the quest for the Orb.
     0 | D:1      | Reached XP level 1. HP: 19/19 MP: 0/0
    41 | D:1      | Reached XP level 2. HP: 27/27 MP: 1/1
   110 | D:1      | Reached XP level 3. HP: 32/33 MP: 2/2
   577 | D:2      | Reached XP level 4. HP: 40/40 MP: 3/3
  1173 | D:3      | Noticed Natasha
  1197 | D:3      | Killed from afar by Natasha

Skill      XL: |  1  2  3 |
---------------+----------+-----
Armour         | 4 |  4.5
Fighting       | 4 |  4.2
Axes           | 3 |  3.6
Shields        | 4 |  4.2
Dodging        | |  0.3

Action                   |  1- 3 |  4- 6 || total
-------------------------+-------+-------++-------
Melee: War axe           |    70 |    40 ||   110
       Headbutt          |    10 |     8 ||    18
Armor: Scale mail        |    43 |    21 ||    64
Dodge: Dodged            |    29 |     9 ||    38
Block: Shield            |    37 |    21 ||    58
